 Dungeon Crawl Stone Soup version 0.25.0-11-g1f837a76a1 (webtiles) character file.

Game seed: 15668006765839296757

10024 funkygono the Basher (level 11, -3/97 HPs)
             Began as a Minotaur Fighter on June 24, 2020.
             Was an Elder of the Shining One.
             Slain by a hell hound (6 damage)
             ... on level 1 of the Abyss on June 25, 2020.
             The game lasted 00:21:08 (9570 turns).

funkygono the Basher (Minotaur Fighter)             Turns: 9570, Time: 00:21:09

Health: -3/97      AC: 17    Str: 25    XL:     11   Next: 30%
Magic:  8/11       EV:  7    Int:  5    God:    the Shining One [****..]
Gold:   490        SH: 25    Dex:  9    Spells: 10/10 levels left

rFire    + . .     SeeInvis .   r - +4 flail (protect)
rCold    . . .     Gourm    .   q - +0 tower shield
rNeg     + + .     Faith    .   y - +2 chain mail {rF+}
rPois    .         Spirit   .   (helmet restricted)
rElec    .         Reflect  .   o - +1 cloak
rCorr    +         Harm     .   G - +0 pair of gloves
MR       +....                  (no boots)
Stlth    ..........             (no amulet)
HPRegen  0.26/turn              h - ring of protection from magic
MPRegen  0.12/turn              w - ring of resist corrosion

@: divine shield, mesmerised, glowing
A: retaliatory headbutt, horns 2
a: Divine Shield, Cleansing Flame, Renounce Religion


You were on level 1 of the Abyss.
You worshipped the Shining One.
The Shining One was greatly pleased with you.
You were hungry.

You visited 2 branches of the dungeon, and saw 11 of its levels.
You visited the Abyss 1 time.

You collected 490 gold pieces.

Inventory:

Hand Weapons
 a - a +0 flail of freezing
 b - the +10 dagger "Kyarchuq" {venom, Str+3, unknown}
   (You found it on level 7 of the Dungeon)

   It poisons the flesh of those it strikes.
   It affects your strength (+3).
 d - a +3 quarterstaff of chaos
 r - a +4 flail of protection (weapon)
Missiles
 i - 81 bolts
 j - 95 sling bullets
 k - 306 stones (quivered)
Armour
 c - a +0 kite shield
 o - a +1 cloak (worn)
 q - a +0 tower shield (worn)
 y - a +2 chain mail of fire resistance (worn)
 F - +0 acid dragon scales
 G - a +0 pair of gloves (worn)
Jewellery
 h - a ring of protection from magic (left hand)
 w - a ring of resist corrosion (right hand)
Wands
 u - a wand of flame (41)
 D - a wand of iceblast (17)
 E - a wand of disintegration (10)
Scrolls
 l - a scroll of fog
 m - a scroll of identify
 C - a scroll of fear
Potions
 e - 4 potions of flight
 g - 2 potions of invisibility
 n - a potion of stabbing
 p - a potion of mutation
 s - a potion of ambrosia
 t - 2 potions of brilliance
 v - 3 potions of curing
 z - a potion of lignification
Comestibles
 f - 17 rations


   Skills:
 + Level 9.2 Fighting
 + Level 12.1 Maces & Flails
 + Level 9.3 Armour
 + Level 3.9 Dodging
 + Level 1.4 Stealth
 + Level 11.7 Shields
 + Level 1.1 Invocations
 + Level 1.4 Evocations


You had 10 spell levels left.
You didn't know any spells.
Your spell library contained the following spells:

 Spells                   Type           Power        Failure   Level  Hunger
 Confusing Touch          Hex            #.......     100%        3    ####...
 Gell's Gravitas          Tloc           #.........   100%        3    ####...
 Petrify                  Tmut/Erth      #.......     100%        4    #####..
 Metabolic Englaciation   Hex/Ice        #.........   100%        5    ######.
 Yara's Violent Unravell  Hex/Tmut       #.........   100%        5    ######.


Dungeon Overview and Level Annotations

Branches:
Dungeon (10/15)            Temple (1/1) D:4            Lair (0/6) D:9
    Orc: D:9-12

Altars:
Ashenzari
Cheibriados
Dithmenos
Elyvilon
Fedhas
Gozag
Hepliaklqana
Kikubaaqudgha
Makhleb
Nemelex Xobeh
Okawaru
Qazlal
Ru
Sif Muna
Trog
Uskayaw
Vehumet
Wu Jian
Xom
Yredelemnul
Zin
The Shining One

Shops:
D:9 (

Annotations:
D:10 Sonja


Innate Abilities, Weirdness & Mutations

You reflexively headbutt those who attack you in melee.
You have a pair of horns on your head.


Message History

The ufetubus hits you but does no damage.
The merfolk siren chants a haunting song.
You resist with almost no effort.
The ynoxinul gestures.
You block the hell hound's attack. The hell hound breathes flames at you.
The blast of flame hits you! You resist.
* * * LOW HITPOINT WARNING * * *
You fail to use your ability.
Your shield is strengthened by the Shining One's divine power.
You feel slightly more hungry. The hell hound breathes flames at you.
The blast of flame hits the hell hound.
The hell hound completely resists.
The blast of flame hits you. You resist.
* * * LOW HITPOINT WARNING * * *
You block the hell hound's attack.
The merfolk siren chants a haunting song.
You are mesmerised by the merfolk siren!
The hell hound bites you.
You die...

.. #. # ..#.#... .#
.#.##..# .#
#....#.## #
#...#...# ## #.
#....####### .##
#.##.#m..#.#..#
#.###5#...###.hh#.#
..#m..xx.X55h.#h@#
#....##..53h#####.#
#.## .#....5.# .# #
. ....##5..# ..
...##..55..# ... ..
. ..##... #.#.
##...# #. #... ##..
#..##. .## #. ##. #


You could see a merfolk siren (summoned, mesmerising) and 3 hell hounds.

Vanquished Creatures
  A two-headed ogre (D:8)
  Pikel (D:7)
  2 ugly things (D:9)
  2 deep elf magi (D:9)
  Joseph (D:7)
  Maggie (D:9)
  4 hippogriffs
  Grinder (D:4)
  Sigmund (D:4)
  A vampire (D:9)
  A wyvern (D:8)
  A basilisk (D:9)
  Menkaure (D:7)
  Edmund (D:4)
  2 wargs (D:9)
  A water moccasin (D:9)
  4 slaves (D:7)
  5 orc warriors
  A hornet zombie (D:8)
  3 ice beasts
  A black bear (D:9)
  3 phantoms
  An eye of draining (D:5)
  4 ogres
  A centaur (D:7)
  A crocodile (D:9)
  A big kobold (D:7)
  2 bullfrogs
  3 water moccasin zombies
  8 scorpions
  2 water moccasin skeletons
  3 killer bees (D:8)
  5 wights
  3 howler monkeys
  5 crimson imps
  2 bullfrog zombies
  5 jellies
  6 hounds
  8 orc wizards
  Crazy Yiuf (D:2)
  3 bullfrog skeletons
  5 orc priests
  5 iguanas
  8 worker ants
  A worker ant zombie (D:8)
  8 gnolls
  5 adders
  4 shadow imps
  6 oozes
  An adder zombie (D:5)
  A worm (D:2)
  2 dart slugs (D:1)
  7 leopard geckos
  21 orcs
  5 bats
  3 giant cockroaches
  9 goblins
  7 hobgoblins
  6 jackals
  8 kobolds
  6 quokkas
  2 ball pythons
  A frilled lizard (D:3)
  A leopard gecko skeleton (D:5)
  A quokka skeleton (D:6)
  10 rats
236 creatures vanquished.

Notes
Turn   | Place    | Note
-------+----------+-------------------------------------------
     0 | D:1      | funkygono the Minotaur Fighter began the quest for the Orb.
     0 | D:1      | Reached XP level 1. HP: 19/19 MP: 0/0
    53 | D:1      | Reached XP level 2. HP: 27/27 MP: 1/1
   788 | D:2      | Reached XP level 3. HP: 33/33 MP: 2/2
  1094 | D:2      | Found a sacrificial altar of Ru.
  1245 | D:2      | Found a runed translucent door.
  1246 | D:2      | Noticed Crazy Yiuf
  1253 | D:2      | HP: 1/33 [Crazy Yiuf/+3 quarterstaff of chaos (1)]
  1275 | D:2      | Killed Crazy Yiuf
  1275 | D:2      | Reached skill level 3 in Maces & Flails
  1275 | D:2      | Reached XP level 4. HP: 28/40 MP: 3/3
  1781 | D:3      | Found a sparkling altar of Nemelex Xobeh.
  2442 | D:4      | Found a staircase to the Ecumenical Temple.
  2523 | Temple   | Entered the Ecumenical Temple
  2644 | Temple   | Became a worshipper of the Shining One
  2724 | D:4      | Reached XP level 5. HP: 43/47 MP: 4/4
  2732 | D:4      | Reached skill level 4 in Maces & Flails
  2838 | D:4      | Reached skill level 5 in Armour
  2838 | D:4      | Reached skill level 5 in Shields
  2960 | D:4      | Reached XP level 6. HP: 31/53 MP: 5/5
  3212 | D:4      | Noticed Edmund
  3225 | D:4      | Killed Edmund
  3225 | D:4      | Reached skill level 1 in Dodging
  3563 | D:4      | Reached skill level 5 in Fighting
  3649 | D:4      | Noticed Grinder
  3651 | D:4      | Killed Grinder
  3651 | D:4      | Reached skill level 5 in Maces & Flails
  3651 | D:4      | Reached XP level 7. HP: 58/61 MP: 6/6
  3731 | D:4      | Noticed Sigmund
  3750 | D:4      | Killed Sigmund
  3750 | D:4      | Reached skill level 6 in Maces & Flails
  4078 | D:5      | Entered Level 5 of the Dungeon
  4085 | D:5      | Reached XP level 8. HP: 67/70 MP: 1/7
  4336 | D:5      | Reached * piety under the Shining One
  4670 | D:5      | Reached skill level 7 in Maces & Flails
  4882 | D:6      | Reached skill level 1 in Stealth
  5112 | D:6      | Reached skill level 1 in Evocations
  5124 | D:6      | Upgraded the game from 0.25.0-10-g039870ee82 to
                  | 0.25.0-11-g1f837a76a1
  5148 | D:6      | Reached skill level 8 in Maces & Flails
  5412 | D:6      | Reached XP level 9. HP: 78/78 MP: 9/9
  5441 | D:6      | Found an iron altar of Okawaru.
  5469 | D:6      | Reached ** piety under the Shining One
  5753 | D:7      | Reached skill level 9 in Maces & Flails
  5849 | D:7      | Noticed Menkaure
  5853 | D:7      | Killed Menkaure
  5975 | D:7      | Got a dazzling dagger
  6374 | D:7      | Noticed Pikel
  6402 | D:7      | Killed Pikel
  6402 | D:7      | Reached skill level 10 in Maces & Flails
  6587 | D:7      | Noticed Joseph
  6605 | D:7      | Killed Joseph
  6605 | D:7      | Reached XP level 10. HP: 82/88 MP: 10/10
  6736 | D:8      | Noticed a two-headed ogre
  6747 | D:8      | Killed a two-headed ogre
  6747 | D:8      | Reached skill level 10 in Shields
  7343 | D:8      | Reached skill level 11 in Maces & Flails
  8008 | D:9      | Reached *** piety under the Shining One
  8046 | D:9      | Noticed Maggie
  8058 | D:9      | Killed Maggie
  8079 | D:9      | Found Lotwurop's Weapon Shop.
  8092 | D:9      | Noticed a purple ugly thing
  8092 | D:9      | Noticed a cyan ugly thing
  8093 | D:9      | Noticed a deep elf mage
  8093 | D:9      | Noticed a deep elf mage
  8102 | D:9      | Reached skill level 1 in Invocations
  8158 | D:9      | Killed a red ugly thing
  8161 | D:9      | Killed a red ugly thing
  8170 | D:9      | Reached XP level 11. HP: 59/95 MP: 11/11
  8193 | D:9      | Killed a deep elf mage
  8300 | D:9      | Killed a deep elf mage
  8622 | D:9      | Reached skill level 12 in Maces & Flails
  8682 | D:9      | Found a staircase to the Lair.
  9234 | D:10     | Entered Level 10 of the Dungeon
  9360 | D:10     | Noticed Sonja
  9365 | D:10     | Cast into level 1 of the Abyss (Sonja)
  9421 | Abyss:1  | Reached **** piety under the Shining One
  9442 | Abyss:1  | Noticed a glowing orange brain
  9487 | Abyss:1  | Noticed a cyan very ugly thing
  9529 | Abyss:1  | Noticed a large abomination
  9542 | Abyss:1  | Noticed a shadow wraith
  9554 | Abyss:1  | Noticed an orc sorcerer
  9567 | Abyss:1  | HP: 4/97 [hell hound/blast of flame (7)]
  9570 | Abyss:1  | Slain by a hell hound

Illustrated notes

Levels and vault maps discovered:
D:1:      eino_arrival_water_star, layout_basic, minmay_distorted
D:2:      layout_loops_ring, nicolae_ru_sacrificial_ziggurat,
          uniq_crazy_yiuf_cottage
D:3:      layout_basic, first_ration, nemelex_lonely_heart_becter
D:4:      layout_gridville, temple_pool_b, uniq_grinder, uniq_edmund,
          uniq_sigmund
D:5:      layout_basic
D:6:      layout_basic, basic_altar
D:7:      layout_gridville, uniq_menkaure, uniq_pikel, uniq_joseph
D:8:      layout_gridville, hangedman_little_slice_of_home
D:9:      layout_layer_cave, erik_lair_orcish_takeover, serial_shops,
          nicolae_shop_crystal, grunt_ministairs_2, minivault_28, uniq_maggie
D:10:     layout_grid_maze, kennysheep_orc_monster_closet_entryway, uniq_urug,
          uniq_sonja, uniq_erolcha
Temple:   kilobyte_greek_temple
Abyss:1:  base: D:12, minivault_24

Skill      XL: |  1  2  3  4  5  6  7  8  9 10 11 |
---------------+----------------------------------+-----
Armour         | 4 5 6 7 8 9 |  9.3
Shields        | 4 5 6 8 9 11 | 11.7
Fighting       | 4 5 6 7 8 9 |  9.2
Maces & Flails | 3 4 5 6 8 10 11 12 | 12.1
Dodging        | 1 2 3 |  3.9
Stealth        | 1 |  1.4
Evocations     | 1 |  1.4
Invocations    | 1 |  1.1

Action                   |  1- 3 |  4- 6 |  7- 9 | 10-12 || total
-------------------------+-------+-------+-------+-------++-------
Melee: Flail             |    79 |   120 |   260 |   279 ||   738
       Headbutt          |    12 |    21 |    46 |    59 ||   138
Invok: Divine Shield     |       |       |     1 |     5 ||     6
Evoke: Wand              |       |       |    12 |       ||    12
  Use: Scroll            |     2 |     3 |     5 |     8 ||    18
       Potion            |     2 |       |       |     3 ||     5
  Eat: Chunk             |     1 |     8 |     9 |    10 ||    28
Armor: Scale mail        |    27 |    35 |    59 |       ||   121
       Chain mail        |       |       |    35 |   117 ||   152
Dodge: Dodged            |    23 |    37 |    44 |    49 ||   153
Block: Kite shield       |    35 |    55 |       |       ||    90
       Tower shield      |       |    20 |   224 |   288 ||   532
